 Dungeon Crawl Stone Soup version 0.31-a0-1576-ga3383bade6 (webtiles) character file.

Game seed: 11973056404878510481

32834 Flugslaktarn the Mimic (level 13, -1/89 HPs)
             Began as an Octopode Alchemist on Jan 4, 2024.
             Was an Elder of Wu Jian.
             Slain by a slime creature (5 damage)
             ... while petrified by a basilisk
             ... on level 12 of the Dungeon.
             The game lasted 00:28:42 (7032 turns).

Flugslaktarn the Mimic (Octopode Alchemist)         Turns: 7032, Time: 00:28:43

Health: -1/89      AC:  1    Str:  7    XL:     13   Next: 67%
Magic:  17/29      EV:  2    Int: 17    God:    Wu Jian [****..]
Gold:   277        SH:  0    Dex: 18    Spells: 8/22 levels left

rFire   . .          .
                       - Unarmed
rCold   . . .        (shield currently unavailable)
rNeg    + + +        (helmet restricted)
rPois   ∞            C - amulet of regeneration
rElec   .            h - ring of magical power
rCorr   .            j - +4 ring of slaying
SInv    .            v - +5 ring of evasion
Will    .....        e - +5 ring of evasion
Stlth   ++           (no ring)
HPRegen 1.14/turn    (no ring)
MPRegen 0.21/turn    (no ring)
                     (no ring)

%: no passive effects
@: flux-form, petrified, very slightly contaminated, glowing
A: glow, contaminating, almost no armour, amphibious, 8 rings, camouflage 1,
gelatinous body 1, (nimble swimmer 1), tentacles
a: Begin Untransformation, Renounce Religion, Wall Jump, Serpent's Lash


You were on level 12 of the Dungeon.
You worshipped Wu Jian.
Wu Jian was greatly pleased with you.
You were something dangerously unstable.
You visited 3 branches of the dungeon, and saw 15 of its levels.
You also visited: Sewer.

You collected 1141 gold pieces.
You spent 864 gold pieces at shops.

Inventory:

Hand Weapons
 c - a +2 dagger of venom
   (You took it off an orc wizard on level 5 of the Dungeon)
 d - a +0 short sword
   (You took it off a kobold on level 2 of the Dungeon)
 F - a +3 long sword of freezing
   (You took it off a wight on level 8 of the Dungeon)
Missiles
 B - a throwing net
Magical Staves
 f - a staff of fire
   (You found it on level 2 of the Dungeon)
 A - a staff of air
   (You found it on level 4 of the Dungeon)
Jewellery
 e - a +5 ring of evasion (on tentacle)
   (You bought it in a shop on level 2 of the Orcish Mines)
 h - a ring of magical power (left tentacle)
   (You found it on level 3 of the Dungeon)
 j - a +4 ring of slaying (right tentacle)
   (You found it on level 8 of the Dungeon)
 v - a +5 ring of evasion (on tentacle)
   (You bought it in a shop on level 10 of the Dungeon)
 C - an amulet of regeneration (around mantle)
   (You found it on level 6 of the Dungeon)
 K - an amulet of the acrobat
   (You found it on level 10 of the Dungeon)
Talismans
 H - a beast talisman
   (You found it on level 3 of the Dungeon)
 I - a flux talisman (active)
   (You found it on level 10 of the Dungeon)
Wands
 g - a wand of digging (13)
   (You found it on level 10 of the Dungeon)
 k - a wand of light (5)
   (You found it on level 7 of the Dungeon)
 n - a wand of paralysis (1)
   (You found it on level 4 of the Dungeon)
Scrolls
 i - 3 scrolls of poison
 l - 2 scrolls of amnesia
 p - 2 scrolls of vulnerability
 x - a scroll of revelation
 z - a scroll of enchant armour
 G - 2 scrolls of fog
Potions
 a - a potion of magic
 b - a potion of degeneration {unknown}
 m - 2 potions of cancellation {unknown}
 o - 2 potions of resistance {unknown}
 q - 3 potions of curing
 r - a potion of enlightenment {unknown}
 s - a potion of invisibility {unknown}
 w - 2 potions of heal wounds
 y - a potion of mutation {unknown}
 E - a potion of lignification {unknown}


   Skills:
 - Level 8.7 Fighting
 + Level 9.9 Dodging
 - Level 2.6 Stealth
 + Level 8.2 Unarmed Combat
 - Level 5.0 Spellcasting
 - Level 10.0 Conjurations
 - Level 4.0 Fire Magic
 - Level 8.0 Alchemy
 + Level 11.0 Shapeshifting


You had 8 spell levels left.
You knew the following spells:

 Your Spells              Type           Power      Damage    Failure   Level
a - Sting                 Conj/Alch      100%       1d9       1%          1
b - Olgreb's Toxic Radia  Alch           31%        N/A       5%          4
c - Sticky Flame          Fire/Alch      24%        2d6       12%         4
i - Irradiate             Conj/Alch      17%        3d17      10%         5

Your spell library contained the following spells:

 Spells                   Type           Power      Damage    Failure   Level
 Shock                    Conj/Air       84%        1d8       1%          1
 Mephitic Cloud           Conj/Alch/Air  24%        N/A       3%          3
 Mercury Vapours          Alch/Air       34%        N/A       4%          2
 Dazzling Flash           Conj/Hex       42%        N/A       5%          3
 Stone Arrow              Conj/Erth      42%        3d9       5%          3
 Sandblast                Erth           8%         2d5       14%         1
 Inner Flame              Hex/Fire       11%        N/A       19%         3
 Brom's Barrelling Bould  Conj/Erth      21%        2d4       19%         4
 Passwall                 Erth           4%         N/A       38%         3
 Swiftness                Air            4%         N/A       38%         3
 Airstrike                Air            2%         2d(1-17)  80%         4
 Curse of Agony           Necr           4%         N/A       98%         5
 Silence                  Hex/Air        2%         N/A       98%         5
 Ignition                 Fire           8%         3d5       100%        8


Dungeon Overview and Level Annotations

Branches:
Dungeon (12/15)            Temple (1/1) D:6             Orc (2/2) D:10
    Elf (0/3) Orc:2         Sewer (visited)
   Lair: D:8-11

Altars:
Dithmenos
Elyvilon
Fedhas
Gozag
Hepliaklqana
Kikubaaqudgha
Nemelex Xobeh
Okawaru
Qazlal
Ru
Sif Muna
Trog
Vehumet
Wu Jian
Xom
Yredelemnul
Zin
The Shining One
Jiyva

Shops:
D:4 !   D:10 (=   Orc:2 =(:!

Annotations:
D:10 3 runed translucent doors, jt's ghost, novice AtAl


Innate Abilities, Weirdness & Mutations

You are something dangerously unstable.
You glow with magical radiation, making you easy to see and hit.
Foes you strike become dangerously contaminated with magical radiation.
You are immune to poison.
You are incapable of wielding weapons or throwing items.
You cannot wear most types of armour.
You are amphibious.
You can wear up to eight rings at the same time.
Your skin changes colour to match your surroundings (Stealth+).
Your rubbery body absorbs attacks. (AC +1, EV +1)
((You are camouflaged when in or above water. (Stealth+)))
You have tentacles for arms and can constrict up to eight enemies at once.


Message History

The cyclops shudders as magic cascades through it!
The cyclops twists and deforms.
The cyclops is severely wounded.
The cyclops completely misses you.
You tentacle-slap the cyclops.
The cyclops begins to glow.
The cyclops is almost dead.
The cyclops completely misses you.
You tentacle-slap the cyclops.
The cyclops glows dangerously bright.
You squeeze the cyclops.
You kill the cyclops!
The Council accepts your kill.
Your Shapeshifting skill increases to level 11!
You see here a +0 spear.
Found a stone staircase leading down.
You open the door.
There is an open door here.
You open the door.
Found 13 gold pieces.
There is an open door here.
Found a pair of spiked boots.
There is an open door here.
A basilisk comes into view.
Found a scroll of vulnerability.
You see here 13 gold pieces.
You now have 277 gold pieces (gained 13). 2 slime creatures come into view.
A slime creature comes into view. 2 slime creatures come into view.
The slime creature quivers.
The basilisk hisses angrily.
The slime creature quivers.
You lunge at the basilisk.
The slime creature quivers.
You tentacle-slap the basilisk.
The basilisk begins to glow.
You grab the basilisk. You squeeze the basilisk.
The basilisk is moderately wounded.
You constrict the basilisk. The basilisk gazes at you.
You easily resist.
Casting: Olgreb's Toxic Radiance (dangerous; 5% risk of failure)
Confirm with . or Enter, or press ? or * to list all spells.
You begin to radiate toxic energy.
The basilisk is poisoned.
You constrict the basilisk. The basilisk gazes at you.
You are slowing down.
Two slime creatures merge to form a large slime creature.
Okay, then.
Casting: Olgreb's Toxic Radiance (dangerous; 5% risk of failure)
Confirm with . or Enter, or press ? or * to list all spells.
You erupt in a fountain of uncontrolled magic!
The large slime creature is blasted with magical radiation!!
The large slime creature is moderately wounded.
The large slime creature twists and deforms.
The basilisk is blasted with magical radiation!!!
You kill the basilisk!
The Council accepts your kill.
You are very lightly contaminated with residual magic.
Your toxic aura wanes.
Two slime creatures merge to form a large slime creature.
Your limbs are stiffening.
Unknown command.
Casting: Irradiate (dangerous; 10% risk of failure)
Confirm with . or Enter, or press ? or * to list all spells.
You erupt in a fountain of uncontrolled magic!
The large slime creature is blasted with magical radiation!
The large slime creature is moderately wounded.
The large slime creature is blasted with magical radiation!!
The large slime creature is moderately wounded.
The large slime creature twists and deforms.
The slime creature is blasted with magical radiation!!
The slime creature is heavily wounded.
The slime creature twists and deforms.
The large slime creature barely misses you.
The slime creature hits you.
A large slime creature splits.
You have turned to stone.
The slime creature hits you.
The slime creature hits you but does no damage.
The large slime creature hits you!! The slime creature hits you!
The slime creature hits you. The slime creature hits you!
The large slime creature hits you! The slime creature hits you!
The slime creature hits you!
The slime creature completely misses you.
The large slime creature hits you!! The slime creature hits you!
* * * LOW HITPOINT WARNING * * *
The slime creature hits you but does no damage.
The slime creature hits you!
* * * LOW HITPOINT WARNING * * *
The large slime creature hits you!
* * * LOW HITPOINT WARNING * * *
The slime creature hits you.
* * * LOW HITPOINT WARNING * * *
The slime creature hits you.
* * * LOW HITPOINT WARNING * * *
The slime creature hits you!
* * * LOW HITPOINT WARNING * * *
The large slime creature hits you!!
* * * LOW HITPOINT WARNING * * *
The slime creature barely misses you. The slime creature hits you!
You die...

...................#...#
...................'...#
#.................#...#
#.................#...#
#..........###'##.#...#
#.......####....#.#####
#.......#.......#.....(
#?......#.......#......
#....Jp.#.......###....
#....JJJ#.........#####
#.......#..........
#.......#............
#.......#.####+#.....
#.......#. [....
#.......# #...#####


You could see a large slime creature (misshapen) and 3 slime creatures.

Vanquished Creatures
  Nessos (D:12)
  4 ogre magi (Orc:2)
  15 two-headed ogres
  A catoblepas (D:11)
  An orc high priest (Orc:2)
  3 orc knights
  2 orc sorcerers
  4 cyclopes
  A kobold blastminer (Orc:2)
  3 gargoyles
  A kobold demonologist (D:11)
  2 komodo dragons
  6 trolls
  2 hornets
  3 shadows (D:11)
  18 yaks
  A wyvern (D:8)
  2 wargs (Orc:2)
  A basilisk (D:12)
  A water moccasin (D:8)
  A sky beast (D:8)
  4 black bears
  23 orc warriors
  An ice beast (D:6)
  23 ogres
  6 centaurs
  2 kobold brigands
  7 bullfrogs
  A gnoll sergeant (D:11)
  4 scorpions
  4 wights (D:8)
  8 killer bees
  2 bombardier beetles
  3 jellies (D:8)
  2 hounds
  23 orc priests
  2 gnoll boudas
  25 orc wizards
  3 iguanas
  A sleepcap (D:5)
  10 gnolls
  9 adders
  5 river rats (Sewer)
  A shadow imp (D:5)
  A dart slug (D:4)
  68 orcs
  4 bats
  3 endoplasms
  3 giant cockroaches (D:5)
  A hobgoblin (D:3)
  13 kobolds
  3 quokkas
  12 ball pythons
  2 frilled lizards (Sewer)
  22 rats
374 creatures vanquished.

Vanquished Creatures (collateral kills)
  2 ogres (Orc:2)
2 creatures vanquished.

Grand Total: 376 creatures vanquished

Notes
Turn   | Place    | Note
-------+----------+-------------------------------------------
     0 | D:1      | Flugslaktarn the Octopode Alchemist began the quest for the
                  | Orb.
     0 | D:1      | Reached XP level 1. HP: 11/11 MP: 3/3
   149 | D:2      | Reached XP level 2. HP: 15/17 MP: 0/5
   296 | D:3      | Noticed a scorpion
   307 | D:3      | Killed a scorpion
   308 | D:3      | Reached XP level 3. HP: 13/21 MP: 0/7
   308 | D:3      | Reached XP level 4. HP: 16/27 MP: 0/8
   328 | D:3      | Learned a level 4 spell: Olgreb's Toxic Radiance
   462 | D:4      | Reached skill level 5 in Alchemy
   490 | D:4      | Found Heuchan's Distillery.
   536 | D:4      | Noticed a scorpion
   544 | D:4      | Killed a scorpion
   545 | D:4      | Reached XP level 5. HP: 29/31 MP: 9/9
   746 | D:5      | Entered Level 5 of the Dungeon
   753 | D:5      | Reached XP level 6. HP: 32/36 MP: 11/11
   877 | D:5      | Found a glowing drain.
   911 | Sewer    | Entered a sewer
   952 | Sewer    | Learned a level 4 spell: Sticky Flame
   970 | Sewer    | Reached skill level 7 in Shapeshifting
   970 | Sewer    | Reached XP level 7. HP: 56/56 MP: 13/13
  1028 | Sewer    | Reached XP level 8. HP: 41/62 MP: 14/14
  1673 | D:6      | Found a staircase to the Ecumenical Temple.
  1681 | Temple   | Entered the Ecumenical Temple
  1692 | Temple   | Became a worshipper of the Wu Jian Council
  1735 | D:6      | Reached skill level 1 in Fire Magic
  1866 | D:7      | Reached XP level 9. HP: 43/67 MP: 15/15
  1883 | D:7      | Learned a level 5 spell: Irradiate
  2102 | D:8      | Found a viscous altar of Jiyva.
  2137 | D:8      | Found a shimmering altar of Xom.
  2148 | D:8      | Found a stormy altar of Qazlal.
  2411 | D:8      | Found a white marble altar of Elyvilon.
  2458 | D:8      | Reached * piety under Wu Jian
  2468 | D:8      | Reached skill level 5 in Spellcasting
  2673 | D:9      | Noticed a komodo dragon
  2830 | D:9      | Reached XP level 10. HP: 73/73 MP: 4/17
  2833 | D:9      | Reached skill level 5 in Conjurations
  2892 | D:9      | Reached ** piety under Wu Jian
  3116 | D:9      | Found a blossoming altar of Fedhas.
  3130 | D:9      | Found an ancient bone altar of Kikubaaqudgha.
  3137 | D:9      | Found a radiant altar of Vehumet.
  3152 | D:9      | Found a shimmering blue altar of Sif Muna.
  3221 | D:10     | Entered Level 10 of the Dungeon
  3234 | D:10     | Noticed jt's ghost (novice AtAl)
  3238 | D:10     | Noticed a wolf spider
  3239 | D:10     | Found a runed translucent gate.
  3239 | D:10     | Found a runed translucent gate.
  3239 | D:10     | Noticed a cyclops
  3280 | D:10     | Found Ischamu's Antique Weapon Shoppe.
  3353 | D:10     | Found Kovire Maxt's Jewellery Emporium.
  3360 | D:10     | Noticed a two-headed ogre
  3362 | D:10     | Bought a +5 ring of evasion for 360 gold pieces
  3386 | D:10     | Killed a two-headed ogre
  3442 | D:10     | Found a runed translucent gate.
  3501 | D:10     | Reached XP level 11. HP: 50/78 MP: 12/18
  3591 | D:9      | Found a hazy altar of Hepliaklqana.
  3738 | D:10     | Found a staircase to the Orcish Mines.
  3751 | Orc:1    | Entered Level 1 of the Orcish Mines
  3751 | Orc:1    | Noticed a cyclops
  3757 | Orc:1    | Killed a cyclops
  3804 | Orc:2    | Entered Level 2 of the Orcish Mines
  3817 | Orc:2    | Reached *** piety under Wu Jian
  3831 | Orc:2    | Reached skill level 10 in Conjurations
  3855 | Orc:2    | Found a staircase to the Elven Halls.
  3939 | Orc:1    | Noticed an orc sorcerer
  3949 | Orc:1    | Killed an orc sorcerer
  4076 | Orc:2    | Noticed a two-headed ogre
  4076 | Orc:2    | Noticed a two-headed ogre
  4152 | Orc:2    | Noticed an orc sorcerer
  4157 | Orc:2    | Killed an orc sorcerer
  4199 | Orc:2    | Noticed an orc knight
  4199 | Orc:2    | Noticed a cyclops
  4201 | Orc:2    | Reached skill level 5 in Dodging
  4211 | Orc:2    | Reached skill level 8 in Shapeshifting
  4213 | Orc:2    | Killed a cyclops
  4213 | Orc:2    | Reached **** piety under Wu Jian
  4214 | Orc:2    | Reached skill level 1 in Unarmed Combat
  4214 | Orc:2    | Noticed an orc knight
  4220 | Orc:2    | Killed an orc knight
  4230 | Orc:2    | Killed an orc knight
  4254 | Orc:2    | Noticed a two-headed ogre
  4258 | Orc:2    | Noticed an ogre mage
  4328 | Orc:1    | Noticed an orc knight
  4338 | Orc:1    | Found a frozen archway.
  4360 | Orc:1    | Killed an orc knight
  4365 | Orc:1    | Reached XP level 12. HP: 34/84 MP: 1/19
  4673 | Orc:2    | Found Pyxiw's Book Shoppe.
  4673 | Orc:2    | Found Vein's Distillery.
  4674 | Orc:2    | Found Uderiop's Jewellery Shop.
  4674 | Orc:2    | Found Etsiq's Antique Weapon Shoppe.
  4679 | Orc:2    | Noticed a two-headed ogre
  4701 | Orc:2    | Killed a two-headed ogre
  4704 | Orc:2    | Noticed an ogre mage
  4711 | Orc:2    | Noticed a two-headed ogre
  4717 | Orc:2    | Noticed a two-headed ogre
  4725 | Orc:2    | Noticed a two-headed ogre
  4730 | Orc:2    | Noticed a two-headed ogre
  4736 | Orc:2    | Killed a two-headed ogre
  4742 | Orc:2    | Noticed a two-headed ogre
  4745 | Orc:2    | Reached skill level 9 in Shapeshifting
  4752 | Orc:2    | Killed an ogre mage
  4754 | Orc:2    | Killed a two-headed ogre
  4757 | Orc:2    | Noticed a two-headed ogre
  4760 | Orc:2    | Noticed a two-headed ogre
  4777 | Orc:2    | Noticed a two-headed ogre
  4780 | Orc:2    | Killed a two-headed ogre
  4781 | Orc:2    | Reached skill level 5 in Unarmed Combat
  4782 | Orc:2    | Noticed a two-headed ogre
  4782 | Orc:2    | Killed a two-headed ogre
  5082 | Orc:2    | Killed a two-headed ogre
  5083 | Orc:2    | Killed a two-headed ogre
  5222 | Orc:2    | Killed a two-headed ogre
  5241 | Orc:2    | Killed a two-headed ogre
  5336 | Orc:2    | Killed a two-headed ogre
  5341 | Orc:2    | Killed a two-headed ogre
  5341 | Orc:2    | Reached skill level 10 in Shapeshifting
  5386 | Orc:2    | Noticed an ogre mage
  5388 | Orc:2    | Paralysed by an ogre mage for 2 turns
  5396 | Orc:2    | Killed an ogre mage
  5401 | Orc:2    | Reached XP level 13. HP: 89/89 MP: 5/20
  5529 | Orc:2    | Paralysed by something for 5 turns
  5975 | Orc:2    | Bought a +5 ring of evasion for 504 gold pieces
  6916 | D:12     | Noticed Nessos
  6926 | D:12     | Killed Nessos
  6985 | D:12     | Reached skill level 11 in Shapeshifting
  7031 | D:12     | HP: 2/89 [large slime creature (13)]
  7032 | D:12     | Slain by a slime creature

Illustrated notes

Levels and vault maps discovered:
D:1:      tarquinn_simple_flora_water_b, layout_basic,
          dreamdust_ecumenical_altar_statues
D:2:      layout_loops_cross
D:3:      layout_basic, mainiacjoe_overflow_24_doors, uniq_grinder,
          uniq_crazy_yiuf_cottage
D:4:      layout_cave_pools, lemuel_tele_altar, serial_shops, shop
D:5:      layout_gridville, portal_sewer_entry_f, kennysheep_small_square
D:6:      layout_layer_cave, general_overflow_altar,
          ashenzari_conservatory_becter, minmay_temple_entry_stoned_glass,
          nrook_mini_backslash
D:7:      layout_loops_ring, roderic_lattice_a
D:8:      layout_rooms, lemuel_doored_altar, mainiacjoe_overflow_catwalk_spiral,
          jiyva_altar_1
D:9:      minmay_four_partial_circles, layout_basic,
          palyth_temple_overflow_mages, kennysheep_mini_moat,
          nicolae_hepliaklqana_hazy_memory, grunt_lair_entry_orc_guard_hut
D:10:     layout_roguey, david_orc_4, gammafunk_ghost_split, serial_shops,
          nicolae_shop_waterfront, nicolae_shop_back_alley_shop
D:11:     layout_loops_corners, minmay_evil_grid
D:12:     layout_irregular_city, uniq_nessos
Temple:   eino_wide_crystal_templ
Orc:1:    layout_diamond_mine, portal_ice_cave_entry_pillars_2
Orc:2:    st_orc_ogre_mass, layout_caves, minmay_orc_temple_c

Skill      XL: |  1  2  3  4  5  6  7  8  9 10 11 12 13 |
---------------+----------------------------------------+-----
Alchemy        | 4 5 6 7 8 |  8.0
Spellcasting   | 3 4 5 |  5.0
Fighting       | 8 |  8.7
Shapeshifting  | 7 8 10 11 | 11.0
Fire Magic     | 1 4 |  4.0
Conjurations   | 4 8 10 | 10.0
Dodging        | 6 8 9 |  9.9
Unarmed Combat | 3 6 8 |  8.2
Stealth        | |  2.6

Action                     |  1- 3 |  4- 6 |  7- 9 | 10-12 | 13-15 || total
---------------------------+-------+-------+-------+-------+-------++-------
  Melee: Unarmed           |     2 |       |       |    29 |   167 ||   198
         Tentacles         |     1 |     9 |    15 |    54 |    54 ||   133
         Short sword       |     4 |    30 |     8 |       |       ||    42
         Constrict         |     1 |    12 |    14 |    25 |    25 ||    77
         Punch             |     1 |       |     1 |     4 |     4 ||    10
         Dagger            |       |       |    41 |   109 |       ||   150
         Long sword        |       |       |     5 |     9 |       ||    14
   Cast: Sting             |    14 |    68 |    55 |    24 |     8 ||   169
         Olgreb's Toxic Ra |       |       |    33 |    79 |    30 ||   142
         Sticky Flame      |       |       |    10 |     6 |     1 ||    17
         Irradiate         |       |       |       |     7 |     3 ||    10
 Invoke: Serpent's Lash    |       |       |       |    10 |     4 ||    14
Ability: Lunge             |       |       |     5 |    12 |    13 ||    30
         Whirlwind         |       |       |     1 |    34 |    21 ||    56
  Evoke: Wand              |       |     1 |       |    11 |     2 ||    14
    Use: Scroll            |       |     3 |     7 |    10 |     2 ||    22
         Potion            |       |     1 |     2 |     3 |       ||     6
   Stab: Sleeping          |       |       |       |     1 |     1 ||     2
         Paralysed         |       |       |       |     3 |     5 ||     8
         Distracted        |       |       |       |     1 |       ||     1
 Armour: Skin              |     5 |    16 |    45 |    66 |    67 ||   199
  Dodge: Dodged            |     5 |    30 |    51 |    98 |   195 ||   379
   Form: Beast             |       |       |     1 |       |       ||     1
         Flux              |       |       |       |       |     1 ||     1

Table legend: (Time is in decaauts)
 A = Elapsed time spent in this place.
 B = Non-inter-level travel time spent in this place.
 C = Inter-level travel time spent in this place.
 D = Time resting spent in this place.
 E = Time spent auto-exploring this place.
 F = Levels seen in this place.
 G = Mean time per level.
                   A        B        C        D        E       F      G
               +--------+--------+--------+--------+--------+-----+--------+
         Total |   7015 |   6550 |    465 |    609 |   1590 |  16 |  438.4 |
       Dungeon |   4400 |   4090 |    310 |      0 |    942 |  12 |  366.7 |
        Temple |     22 |      2 |     20 |      0 |      0 |   1 |   22.0 |
  Orcish Mines |   2253 |   2118 |    135 |    542 |    637 |   2 | 1126.5 |
         Sewer |    338 |    338 |      0 |     67 |     11 |   1 |  338.0 |
               +--------+--------+--------+--------+--------+-----+--------+

Top non-repeatable levels by time:
   Orc:2: 1497 daAuts
   Orc:1: 755 daAuts
     D:9: 662 daAuts
    D:10: 579 daAuts
     D:5: 528 daAuts
    D:11: 515 daAuts
     D:7: 408 daAuts
    D:12: 377 daAuts
     D:8: 375 daAuts
   Sewer: 338 daAuts
     D:4: 329 daAuts
     D:6: 207 daAuts
     D:3: 199 daAuts
     D:2: 175 daAuts
     D:1: 40 daAuts
